 Dungeon Crawl Stone Soup version 0.22-a0-157-g169b76a (webtiles) character file.

804 MatthieuS the Vandal (level 7, -3/54 HPs)
             Began as a Demonspawn Hunter on Feb 8, 2018.
             Was a Believer of Okawaru.
             Killed from afar by a bullfrog (28 damage)
             ... with an exploding inner flame
             ... hexed by the player character
             ... on level 6 of the Dungeon.
             The game lasted 00:15:28 (3736 turns).

MatthieuS the Vandal (Demonspawn Hunter)            Turns: 3736, Time: 00:15:29

Health: -3/54      AC:  4    Str: 13    XL:     7   Next: 60%
Magic:  10/10      EV: 13    Int: 13    God:    Okawaru [**....]
Gold:   196        SH:  6    Dex: 14    Spells: 3/6 levels left

rFire    . . .     SeeInvis .   w - +2 hunting sling
rCold    . . .     Gourm    .   (no shield)
rNeg     . . .     Faith    .   c - +1 leather armour
rPois    .         Spirit   .   (no helmet)
rElec    .         Reflect  .   (no cloak)
rCorr    .         Harm     .   (no gloves)
MR       +....                  (no boots)
Stlth    ++........             (no amulet)
HPRegen  0.18/turn              s - ring of wizardry
MPRegen  0.12/turn              (no ring)

@: no status effects
A: claws 1, large bone plates 2, blurry vision 1, magic resistance 1, spiny 1,
wild magic 1
a: Heroism, Renounce Religion


You were on level 6 of the Dungeon.
You worshipped Okawaru.
Okawaru was pleased with you.
You were not hungry.

You visited 1 branch of the dungeon, and saw 6 of its levels.

You collected 196 gold pieces.

Inventory:

Hand Weapons
 a - a +1 dagger of venom
 b - a +0 short sword
 w - a +2 hunting sling (weapon)
Missiles
 d - 28 sling bullets (quivered)
 e - 153 stones
Armour
 c - a +1 leather armour (worn)
 h - a +0 ring mail
Jewellery
 s - a ring of wizardry (left claw)
Wands
 o - a wand of paralysis (8)
 p - a wand of digging (15)
 q - a wand of random effects (23)
Scrolls
 j - 5 scrolls of remove curse
 u - 2 scrolls of fear
Potions
 g - 2 potions of curing
 m - a potion of berserk rage
 t - a potion of flight
Books
 i - a book of Necromancy

   Spells                             Type                      Level
   a - Pain                           Necromancy                   1
   b - Animate Skeleton               Necromancy                   1
   c - Vampiric Draining              Necromancy                   3
   d - Regeneration                   Charms/Necromancy            3
   e - Animate Dead                   Necromancy                   4
Comestibles
 f - 6 rations
 v - 5 chunks of flesh


   Skills:
 + Level 4.2 Fighting
 + Level 5.0 Slings
 + Level 3.8 Dodging
 + Level 3.7 Stealth
 + Level 0.2 Spellcasting
 + Level 0.2 Charms
 + Level 0.5 Necromancy
 + Level 4.2 Invocations


You had 3 spell levels left.
You knew the following spells:

 Your Spells              Type           Power        Failure   Level  Hunger
a - Regeneration          Chrm/Necr      #.........   43%         3    ####...


Dungeon Overview and Level Annotations

Branches:
Dungeon (7/15)             Temple (0/1) D:4

Altars:
Okawaru
Xom

Annotations:
D:6 lepoulpe303's ghost, novice GrFi
D:7 ultrashaft's ghost, novice TrFi


Innate Abilities, Weirdness & Mutations

You have sharp fingernails.
You are mostly covered in large bone plates. (SH +6)
You are partially covered in sharp spines.
Scrolls take you a little longer to read.
You are resistant to hostile enchantments. (MR+)
Your spells are a little harder to cast, but a little more powerful.


Message History

The creatures around you are filled with an inner flame!
It was a scroll of immolation.
The crimson imp sputters.
The bullfrog is struck by your spines.
The bullfrog hits you but does no damage.
You block the bullfrog's attack. The bullfrog is struck by your spines.
The bullfrog hits you but does no damage.
There is a stone staircase leading down here.
The bullfrog is struck by your spines. The bullfrog barely misses you.
Found a potion of curing.
The bullfrog is struck by your spines.
The bullfrog hits you but does no damage.
The bullfrog closely misses you.
You see here a potion of curing.
g - 2 potions of curing (gained 1)
The bullfrog is struck by your spines.
The bullfrog explodes!
The fiery explosion engulfs you!
Ouch! That really hurt!
You die...

,<,,,,,,,,,,,,**,*
,*******,,,,,,,#.# ,,,*
*,,,,,,,#.# ,*,* *,,,,,,,#.#
**,*****,,,,,,,#.#*********
,,,,,,,***,,,,*#..,,,,,,,,**
,,,***,* *,,,,*#.########.,*
**** *,* *,,>,##.#.#.#.#.#,*
*,* *,,,,#§@.........,*
*<***,,,,##§#.#.#.#.##*
*,**,,,,*#§Z.........#
*,**,,,,,##5#s#.#.#.##
*,**,,..,#...........#
*,**,.8...#.#.#.#.#.#*
*,**,................* **
*,**.....##.#>#.#.#.## ,**
*,**#.###............#


You could see a scorpion (inner flame), a crimson imp (inner flame) and a
bullfrog skeleton.

Vanquished Creatures
  Pikel (D:3)
  2 slaves (D:4)
  A hound (D:7)
  3 orc wizards (D:4)
  Jessica (D:3)
  3 worker ants
  A hound skeleton (D:4)
  3 adders
  An adder skeleton (D:4)
  A worm (D:2)
  A dart slug (D:1)
  8 orcs
  A ball python (D:4)
  4 giant cockroaches
  7 goblins
  8 hobgoblins
  15 jackals
  6 kobolds
  2 quokkas (D:4)
  4 bats
  6 frilled lizards
  A leopard gecko skeleton (D:4)
  A quokka skeleton (D:4)
  5 rats
86 creatures vanquished.

Vanquished Creatures (others)
  A leopard gecko (D:4)
1 creature vanquished.

Grand Total: 87 creatures vanquished

Notes
Turn   | Place    | Note
-------+----------+-------------------------------------------
     0 | D:1      | MatthieuS the Demonspawn Hunter began the quest for the Orb.
     0 | D:1      | Reached XP level 1. HP: 16/16 MP: 1/1
    30 | D:1      | Reached skill level 1 in Stealth
   187 | D:1      | Gained mutation: You have sharp fingernails. [demonic ancestry]
   187 | D:1      | Reached XP level 2. HP: 22/22 MP: 2/2
   709 | D:1      | Reached XP level 3. HP: 25/28 MP: 3/3
   956 | D:2      | Reached skill level 4 in Slings
   959 | D:2      | Found an iron altar of Okawaru.
   965 | D:2      | Became a worshipper of Warmaster Okawaru
  1550 | D:3      | Noticed Jessica
  1557 | D:3      | Reached XP level 4. HP: 31/34 MP: 4/4
  1587 | D:3      | Killed Jessica
  1587 | D:3      | Reached skill level 1 in Invocations
  2400 | D:4      | Gained mutation: You are partially covered in sharp spines. [demonic ancestry]
  2400 | D:4      | Reached XP level 5. HP: 41/41 MP: 6/6
  2524 | D:4      | Found a staircase to the Ecumenical Temple.
  2587 | D:4      | Noticed a slave
  2587 | D:4      | Noticed a slave
  2588 | D:4      | Noticed a slave
  2589 | D:4      | Noticed Pikel
  2590 | D:4      | Noticed a slave
  2605 | D:4      | Reached * piety under Okawaru
  2639 | D:4      | Killed a slave
  2658 | D:4      | Killed a slave
  3035 | D:3      | Killed Pikel
  3035 | D:3      | Reached ** piety under Okawaru
  3035 | D:3      | Gained mutation: You are partially covered in large bone plates. (SH +4) [demonic ancestry]
  3035 | D:3      | Reached XP level 6. HP: 14/48 MP: 6/8
  3035 | D:3      | Gained mutation: You are mostly covered in large bone plates. (SH +6) [demonic ancestry]
  3035 | D:3      | Reached XP level 7. HP: 16/54 MP: 6/9
  3269 | D:4      | Reached skill level 5 in Slings
  3390 | D:4      | Learned a level 3 spell: Regeneration
  3560 | D:4      | You fall through a shaft for 3 floors!
  3568 | D:7      | Gained mutation: You are resistant to hostile enchantments. (MR+) [potion of mutation]
  3568 | D:7      | Gained mutation: Scrolls take you a little longer to read. [potion of mutation]
  3568 | D:7      | Gained mutation: Your spells are a little harder to cast, but a little more powerful. [potion of mutation]
  3627 | D:7      | Noticed ultrashaft's ghost (novice TrFi)
  3641 | D:7      | Found a shimmering altar of Xom.
  3675 | D:7      | Noticed a two-headed ogre
  3716 | D:6      | Noticed lepoulpe303's ghost (novice GrFi)
  3736 | D:6      | Killed from afar by a bullfrog

Vault maps used:
D:1:      dpeg_arrival_pits, st_stairs_3
D:2:      first_ration, minmay_statues_item, okawaru_ov_weapons_minmay
D:3:      uniq_jessica
D:4:      minmay_temple_entry_crystal_x, uniq_pikel
D:6:      basic_altar, serial_undead, serial_undead_c, serial_undead_e,
          serial_undead_e, serial_undead_b, serial_undead_c, serial_undead_d,
          st_stairs_10, minivault_26, uniq_duvessa
D:7:      nicolae_overflow_hidden_temple, serial_shops, shop

Skill      XL: |  1  2  3  4  5  6  7 |
---------------+----------------------+-----
Stealth        | 1 2 3 |  3.7
Dodging        | 2 3 |  3.8
Slings         | 4 5 |  5.0
Invocations    | 1 3 4 |  4.2
Fighting       | 3 4 |  4.2
Spellcasting   | |  0.2
Charms         | |  0.2
Necromancy     | |  0.5

Action                   |  1- 3 |  4- 6 |  7- 9 || total
-------------------------+-------+-------+-------++-------
Melee: Dagger            |       |       |    18 ||    18
 Fire: Hunting sling     |   132 |   158 |    34 ||   324
Evoke: Wand              |       |     5 |       ||     5
  Use: Potion            |     1 |     1 |     2 ||     4
       Scroll            |       |       |    11 ||    11
  Eat: Chunk             |     2 |     1 |     2 ||     5
       Ration            |       |     1 |       ||     1
Armor: Ring mail         |    14 |    24 |     2 ||    40
       Leather armour    |       |       |     9 ||     9
Dodge: Dodged            |    23 |    69 |    23 ||   115
Block: Other             |       |       |    15 ||    15

Table legend:
 A = Spawn XP
 B = Non-spawn XP
 C = Spawn XP percentage of total XP
 D = Spawn monster count
 E = Non-spawn monster count
 F = Spawn count percentage of total count
 G = Total turns spent on level
                    A         B        C        D         E        F      G
               +---------+---------+-------+---------+---------+-------+---------
         Total |       0 |    1149 |   0.0 |       0 |      84 |   0.0 |  3736
               +---------+---------+-------+---------+---------+-------+---------
           D:1 |       0 |      41 |   0.0 |       0 |      23 |   0.0 |   770
           D:2 |       0 |      50 |   0.0 |       0 |      16 |   0.0 |   764
           D:3 |       0 |     720 |   0.0 |       0 |      19 |   0.0 |  1221
           D:4 |       0 |     257 |   0.0 |       0 |      21 |   0.0 |   805
           D:7 |       0 |      81 |   0.0 |       0 |       5 |   0.0 |   123
               +---------+---------+-------+---------+---------+-------+---------
